Cogmind - Beta 16 @@@ ROGUE MODE // 2025.12.29 @ 14:15:15 Player: skilledspacepolice Result: Destroyed by D-53 Grenadier with Mini Grenade Launcher Performance ------------- Evolutions (1) 500 Regions Visited (3) 600 Robots Destroyed (24) 120 Value Destroyed (722) 722 Prototype IDs (3) 60 Alien Tech Used (0) 0 Bonus (-14) -14 TOTAL SCORE: 1988 Bonus ------- Friendly Fire -14 Cogmind --------- Core Integrity 0/400 Matter 300/300 Energy 265/265 System Corruption 0% Temperature Cool (0) Movement Core (300) Ox5 Location -9/Mines Parts ------- > --- POWER (1) -------- Reinforced Ion Engine > --- PROPULSION (2) --- (None) > --- UTILITY (4) ------ Heat Sink Small Storage Unit Utility Shielding > --- WEAPON (2) ------- (None) > --- INVENTORY (8) ---- Light Nuclear Core Xenon Bombardment Thruster Lightning Gun Gatling Laser Plasma Cannon Plasma Cannon Enhanced Autogun Peak State ------------ > --- POWER ------------ Light Nuclear Core > --- PROPULSION ------- Light Treads Improved Treads > --- UTILITY ---------- Small Storage Unit Utility Shielding Reactive Plating System Restoration Module > --- WEAPON ----------- Enhanced Autogun Enhanced Autogun > --- INVENTORY -------- Xenon Bombardment Thruster Lightning Gun Gatling Laser Plasma Cannon Plasma Cannon Assault Rifle Assault Rifle [Rating: 25] Favorites ----------- Power Improved Ion Engine Engine Improved Ion Engine Power Core Light Nuclear Core Propulsion Aluminum Leg Treads Light Treads Leg Aluminum Leg Utility Reactive Plating Device Heat Sink Storage Small Storage Unit Protection Reactive Plating Weapon Heavy Hammer Ballistic Gun Enhanced Autogun Impact Weapon Heavy Hammer Build | -11 -10 -9 -9 ------- Run | Yrd Mat Mat Min Slots Evolved 2 | . . 2 . Power . | . . . . Propulsion . | . . . . Utility 2 | . . 2 . Weapon . | . . . . Parts Attached 32 | 6 4 15 7 Power 7 | 1 1 3 2 Engine 6 | 1 1 3 1 Core 1 | . . . 1 Reactor . | . . . . Propulsion 9 | 2 2 5 . Treads 3 | . . 3 . Leg 6 | 2 2 2 . Wheel . | . . . . Hover . | . . . . Flight . | . . . . Utility 10 | 1 1 5 3 Device 3 | . . . 3 Storage 1 | 1 . . . Processor . | . . . . Hackware . | . . . . Protection 6 | . 1 5 . Artifact . | . . . . Weapon 6 | 2 . 2 2 Energy Gun . | . . . . Energy Cannon . | . . . . Ballistic Gun 4 | 2 . . 2 Ballistic Cannon . | . . . . Launcher . | . . . . Special Weapon . | . . . . Impact Weapon 2 | . . 2 . Slashing Weapon . | . . . . Piercing Weapon . | . . . . Special Melee Weapon . | . . . . Unidentified Prototypes . | . . . . Corrupted Parts 1 | . . 1 . System Corruption 4 | . . 4 . Parts Lost 11 | . 3 4 4 Power . | . . . . Propulsion 6 | . 1 3 2 Utility 2 | . . 1 1 Weapon 3 | . 2 . 1 Highest Loss Streak 3 | . 3 1 3 To Critical Strikes . | . . . . Average Backups 6 | 1 4 7 6 Power 1 | . 2 1 . Propulsion . | . . . . Utility . | . . 1 . Weapon 2 | . . 3 4 Tool/Special . | . . . . Unused Backups 12 | . . 5 7 Power 1 | . . 1 . Propulsion 5 | . . 4 1 Utility . | . . . . Weapon 6 | . . . 6 Tool/Special . | . . . . Average Slot Usage (%) 93 | . 88 95 93 Engine 11 | . 14 11 9 Treads 11 | . . 14 17 Leg 9 | . 27 6 . Device 1 | . . . 9 Storage 11 | . 14 11 11 Protection 24 | . 5 31 23 Ballistic Gun 8 | . 26 . 16 Impact Weapon 13 | . . 20 5 Peak Build Rating 25 | 6 7 18 25 Average Rating 14 | 4 6 16 20 On Entrance 7 | . 6 4 18 Avg Prop Armor Cover (%) . | . . . . Naked Turns . | . . . . Heaviest Build 39 | 11 12 39 39 Greatest Support 43 | 20 20 43 43 Greatest Overweight (x) 6 | . . 3 6 Average Overweight (x) . | . . . . Largest Inventory Capacity 8 | 8 8 8 8 Average Capacity 7 | 7 8 8 8 Most Carried 8 | 3 5 8 8 Average Carried 6 | 1 4 7 6 Final Capacity 8 | 8 8 8 8 Final Carried 7 | 1 5 6 7 Class Distribution -------------------- 100% | Mutant Dominant Class ---------------- Mutant | -10/Materials Mutant | -9/Materials Mutant | -9/Mines Resources | -11 -10 -9 -9 ----------- Run | Yrd Mat Mat Min Matter Collected 973 | 236 122 220 395 Remotely . | . . . . Salvage Created 1034 | . 202 694 138 Parts 26 | . 12 14 . Haulers Intercepted . | . . . . Recyclers Shooed 1 | . 1 . . Parts Field Recycled . | . . . . Retrieved Matter . | . . . . Parts Self-Destructed . | . . . . Prevented . | . . . . Parts Restored . | . . . . Kills | -11 -10 -9 -9 ------- Run | Yrd Mat Mat Min Combat Hostiles Destroyed 30 | . 6 14 10 Melee 6 | . . 6 . Guns 16 | . 6 . 10 Classes Destroyed 7 | . 2 4 1 Recycler 2 | . . 2 . Operator 1 | . . 1 . Watcher 1 | . . 1 . Swarmer 3 | . 3 . . Grunt 13 | . 3 10 . Sentry 4 | . . 4 . Assembled 10 | . . . 10 Best Kill Streak 8 | . 3 4 8 Combat Bots Only 8 | . 3 3 8 Max Kills in Single Turn 2 | . 2 1 2 Gunslinging 1 | . . . 1 Exploded . | . . . . Melee 1 | . . 1 . Uniques/NPCs Destroyed . | . . . . Combat | -11 -10 -9 -9 -------- Run | Yrd Mat Mat Min Hostile Shots Fired 265 | . 68 123 74 Missed 51 | . 19 22 10 Hits 214 | . 49 101 64 Melee 1 | . . . 1 Projectile 213 | . 49 101 63 AOE 10 | . . . 10 Critical Strikes 1 | . . . 1 Damage Taken 2918 | . 648 1256 1014 Core 507 | . 77 174 256 Absorbed by Shields . | . . . . Redirected to Shielding 75 | . 44 11 20 Ignored by Resistances 169 | . . 26 143 Regen/Repaired (Parts) 198 | . 69 129 . Core Remaining (%) 84 | 100 69 . . Volleys Fired 67 | . 30 . 37 Largest 2 | . 2 . 2 Hottest 50 | . 40 . 50 Shots Fired 131 | . 56 . 75 Gun 131 | . 56 . 75 Cannon . | . . . . Launcher . | . . . . Special . | . . . . Kinetic 131 | . 56 . 75 Thermal . | . . . . Explosive . | . . . . Electromagnetic . | . . . . Robot Hit Streak 10 | . 10 . 7 Robot Miss Streak 7 | . 3 . 7 Penetration Max . | . . . . Secondary Targets 2 | . . . 2 Max Gunslinging Chain 1 | . . . 1 Shots Hit Robots 128 | . 38 47 43 Core Hits 37 | . 13 5 19 Critical Kills 2 | . . . 2 Critical Parts Destroyed 8 | . . 8 . Critical Strikes 10 | . . 8 2 Destroy 2 | . . . 2 Smash 8 | . . 8 . Melee Attacks 53 | . . 53 . Impact 53 | . . 53 . Slashing . | . . . . Piercing . | . . . . Sneak Attacks 4 | . . 4 . Combat Hostiles . | . . . . Follow-up Attacks 7 | . . 7 . Damage Inflicted 2930 | . 371 1777 782 Guns 1153 | . 371 . 782 Cannons . | . . . . Explosions . | . . . . Melee 1777 | . . 1777 . Ramming . | . . . . Kinetic 1153 | . 371 . 782 Thermal . | . . . . Explosive . | . . . . Electromagnetic . | . . . . Impact 1777 | . . 1777 . Slashing . | . . . . Piercing . | . . . . Highest Corruption 5 | . . 5 5 Average Corruption 4 | . . 4 4 Corruption Purged 5 | . . . 5 Corruption Blocked . | . . . . Effects 32 | . . 25 7 Message Errors 11 | . . 8 3 Matter Fused 5 | . . 4 1 Heat Flow Errors 9 | . . 7 2 Energy Discharges 1 | . . 1 . Data Loss (minor) 4 | . . 4 . Data Loss (major) 1 | . . 1 . Misfires 1 | . . . 1 Overload Shots . | . . . . Overflow Damage 483 | . . 483 . Projectiles . | . . . . Explosions . | . . . . Melee 483 | . . 483 . Knockbacks 2 | . . 2 . Impact 2 | . . 2 . Kinetic . | . . . . Secondary . | . . . . Self-Inflicted Damage . | . . . . Shots . | . . . . Rammed . | . . . . Targets Rammed 1 | . 1 . . Kicked 1 | . 1 . . Crushed . | . . . . Highest Temperature 275 | . 30 275 236 Average Temperature 73 | . 14 105 55 Received Heat Transfer 1115 | . 354 621 140 Siege Activations . | . . . . Martial Activations . | . . . . Shielding Activations . | . . . . Robots Disrupted . | . . . . Combat Hostiles . | . . . . Robots Corrupted 11 | . . 11 . Combat Hostiles 8 | . . 8 . Parts Fried 15 | . . 15 . Impact Corruptions 24 | . . 24 . Robots Melted . | . . . . Combat Hostiles . | . . . . Parts Melted . | . . . . Heat Transferred . | . . . . Parts Sabotaged . | . . . . Parts Stolen . | . . . . Parts Stripped . | . . . . Power Chain Reactions . | . . . . Alert | -11 -10 -9 -9 ------- Run | Yrd Mat Mat Min Maximum Alert Level . | . . . . Low Security (%) 100 | 100 100 100 100 Level 1 . | . . . . Level 2 . | . . . . Level 3 . | . . . . Level 4 . | . . . . Level 5 . | . . . . High Security . | . . . . Max Security . | . . . . Peak Influence 116 | . 60 116 27 Initial 27 | . . . 27 Average 26 | . 19 37 2 Influence Increases 590 | . 166 424 . Destroy 0b10 Robot/C 400 | . 120 280 . Destroy 0b10 Robot/NC 20 | . . 20 . Destroy Leader 102 | . 20 82 . Successful Hack 68 | . 26 42 . Influence Decreases 590 | . 166 353 71 Entered New Map 44 | . . . 44 Time Decay 512 | . 154 331 27 Lost Part 34 | . 12 22 . Squads Dispatched 9 | . 2 7 . Investigation 6 | . . 6 . Extermination . | . . . . Reinforcement 3 | . 2 1 . Assault . | . . . . Garrison . | . . . . Intercept . | . . . . Searches Triggered . | . . . . Construction Impeded . | . . . . Haulers Reinforced . | . . . . Active Scanning Responses . | . . . . Cargo Convoy Interrupts . | . . . . Stealth | -11 -10 -9 -9 --------- Run | Yrd Mat Mat Min Distress Signals 2 | . . 2 . Communications Jammed . | . . . . Distress Signals . | . . . . Times Spotted 51 | . 13 22 16 Peak Tracking Total 14 | . 5 6 14 Tactical Retreats . | . . . . Traps | -11 -10 -9 -9 ------- Run | Yrd Mat Mat Min Traps Triggered 3 | . . 2 1 Indirectly . | . . . . Trap Hack Attempts . | . . . . Triggered . | . . . . Disarmed 6 | . 6 . . Reprogrammed . | . . . . Reused . | . . . . Traps Extracted . | . . . . Installed . | . . . . Triggered . | . . . . Machines | -11 -10 -9 -9 ---------- Run | Yrd Mat Mat Min Machines Disabled . | . . . . Max in Single Turn . | . . . . Machines Repaired . | . . . . Machines Dismantled . | . . . . Machines Sabotaged . | . . . . Overloaded Fab Kills . | . . . . Hacking | -11 -10 -9 -9 --------- Run | Yrd Mat Mat Min Machines Accessed 14 | . 6 7 1 Terminals 7 | . 4 3 . Fabricators . | . . . . Repair Stations 2 | . 1 1 . Recycling Units 2 | . 1 1 . Scanalyzers 2 | . . 2 . Garrison Access . | . . . . Total Hacks 34 | . 12 21 1 Successful 19 | . 5 13 1 Failed 15 | . 7 8 . Catastrophic 2 | . 1 1 . Database Lockouts . | . . . . Manual . | . . . . Terminals 14 | . 7 7 . Fabricators . | . . . . Repair Stations 7 | . 4 3 . Recycling Units 4 | . 1 3 . Scanalyzers 8 | . . 8 . Garrison Access . | . . . . Terminal Hacks 7 | . 3 3 1 Prototype ID Bank 1 | . 1 . . Open Door 1 | . . . 1 Alert Level 1 | . . 1 . Disarm Traps 1 | . 1 . . Surveillance Status 1 | . . 1 . Zone Layout 2 | . 1 1 . Fabricator Hacks . | . . . . Repair Station Hacks 4 | . 2 2 . Scan Component 2 | . 1 1 . Repair 2 | . 1 1 . Recycling Unit Hacks 1 | . . 1 . Retrieve Components 1 | . . 1 . Scanalyzer 7 | . . 7 . Insert Component 1 | . . 1 . Retrieve Study 6 | . . 6 . Garrison Access Hacks . | . . . . Unauthorized Hacks . | . . . . Terminals . | . . . . Fabricators . | . . . . Repair Stations . | . . . . Recycling Units . | . . . . Scanalyzers . | . . . . Garrison Access . | . . . . Data Cores Recovered . | . . . . Used . | . . . . Hacking Detections 13 | . 6 7 . Full Trace Events 5 | . 1 4 . Feedback Events 1 | . . 1 . Corruption 1 | . . 1 . Feedback Blocked . | . . . . Robot Schematics Acquired . | . . . . Robots Built . | . . . . Authchips . | . . . . Time . | . . . . Total Robot Build Rating . | . . . . Part Schematics Acquired . | . . . . Parts Built . | . . . . Authchips . | . . . . Time . | . . . . Total Part Build Rating . | . . . . Part Studies Acquired 5 | . . 5 . Parts Repaired 2 | . 1 1 . Time 51 | . 13 38 . Parts Recycled . | . . . . Recycled Matter . | . . . . Retrieved Matter . | . . . . Retrieved Components 9 | . . 9 . Parts Scanalyzed . | . . . . Part Schematics Acquired . | . . . . Parts Damaged . | . . . . Bothacking | -11 -10 -9 -9 ------------ Run | Yrd Mat Mat Min Used RIF Installer . | . . . . Robots Hacked . | . . . . Non-combat . | . . . . Combat . | . . . . Robot Hacks Applied . | . . . . Relay Couplers Released . | . . . . Fabnet Peak Effective % . | . . . . Robots Rewired . | . . . . Allies Hacked . | . . . . Hacks Repelled . | . . . . Allies | -11 -10 -9 -9 -------- Run | Yrd Mat Mat Min Total Allies . | . . . . Largest Group . | . . . . Highest-Rated Group . | . . . . Highest-Rated Ally . | . . . . Total Orders . | . . . . Ally Attacks . | . . . . Total Damage . | . . . . Kills . | . . . . Allies Corrupted . | . . . . Allies Melted . | . . . . Intel | -11 -10 -9 -9 ------- Run | Yrd Mat Mat Min Active Infowar (turns) . | . . . . Robot Analysis Total . | . . . . Derelict Logs Recovered . | . . . . Drone Launches . | . . . . Drone Recoveries . | . . . . Exploration | -11 -10 -9 -9 ------------- Run | Yrd Mat Mat Min Turns Passed 2405 | 65 495 1413 432 Spaces Moved 1281 | 48 319 728 186 Core 9 | 7 . . 2 Treads 685 | . . 501 184 Legs 587 | 41 319 227 . Wheels . | . . . . Hover . | . . . . Flight . | . . . . Fastest Speed 50 | 50 120 120 160 Average Speed 152 | 109 120 163 174 Slowest Speed 350 | 120 120 330 350 Overloaded Moves . | . . . . Propulsion Burnouts . | . . . . Robots Hopped . | . . . . Potential Cave-ins . | . . . . Cave-ins Triggered . | . . . . Exploration Rate (%) 44 | 3 64 66 46 Regions Visited 3 Branch Regions 1 Pre-discovered Areas . | . . . . Known Exits Taken . | . . . . Unknown Exits Taken 3 | 1 1 1 . Scrap Searched . | . . . . Spaces Dug . | . . . . Terrain Destroyed . | . . . . Melee . | . . . . Projectile . | . . . . AOE . | . . . . Terrain Rammed . | . . . . Walls Destroyed . | . . . . Machines Disabled . | . . . . Actions | -11 -10 -9 -9 --------- Run | Yrd Mat Mat Min Total 1567 | 60 381 871 255 Wait 76 | . 17 56 3 Move 1278 | 47 318 727 186 Hop . | . . . . Pick Up 37 | 7 8 14 8 Fast Attach 12 | . . 9 3 Attach 25 | 6 4 8 7 Detach 4 | . 1 . 3 Swap . | . . . . Drop 22 | . 2 12 8 Fire 67 | . 30 . 37 Melee 45 | . . 45 . Ram . | . . . . Kick 1 | . 1 . . Crush . | . . . . Escape Stasis . | . . . . Rewire . | . . . . Trap . | . . . . Miscellaneous . | . . . . Route ------- -11/Scrapyard -10/Materials (discovered 2 exits: *Mat / [*Min]) -9/Materials (discovered 3 exits: [*Mat x2] / *Min) -9/Mines History --------- Turn | Location | Event 6 | -11/Scrapyard | Discovered new exit (range 15) 66 | -11/Scrapyard | Entered Materials 222 | -10/Materials | Discovered new exit (range 11) 308 | -10/Materials | Build established: Mutant 324 | -10/Materials | Repaired Aluminum Leg 410 | -10/Materials | Discovered new exit (range 16) 561 | -10/Materials | Entered another Materials area 561 | -9/Materials | Evolved 2 slots: Utility x2 589 | -9/Materials | Lost 3 parts (1n2w) 932 | -9/Materials | Discovered new exit (range 13) 1307 | -9/Materials | Discovered new exit (range 8) 1409 | -9/Materials | Repaired Reactive Plating 1747 | -9/Materials | Discovered new exit (range 15) 1974 | -9/Materials | Entered Mines 2039 | -9/Mines | Met a Derelict who couldn't figure out how to use a Trap Extractor 2190 | -9/Mines | Assembled infested the area 2195 | -9/Mines | Assisted by a Guerilla fighting off Assembled 2218 | -9/Mines | Core integrity fell below 50% 2319 | -9/Mines | Destroyed 8 combat bots 2403 | -9/Mines | Core integrity fell below 20% 2406 | -9/Mines | Destroyed by D-53 Grenadier with Mini Grenade Launcher Last Messages --------------- Acquired 19 matter. Acquired 8 matter. U-05 Engineer lays Concrete. U-05 Engineer builds a Wall. K-01 Serf collects debris. U-05 Engineer builds a Wall. K-01 Serf collects debris. U-05 Engineer lays Concrete. K-01 Serf collects debris. U-05 Engineer builds a Wall. K-01 Serf collects debris. U-05 Engineer lays Concrete. U-05 Engineer builds a Wall. K-01 Serf collects debris. U-05 Engineer builds a Wall. Reactive Plating destroyed. Acquired 1 matter. Imp. Treads+ destroyed. Enh. Autogun destroyed. The unstable cave ceiling collapses. Map ----- +----------------------------------------------------+ | | | | | | | | | | | | | | | | | | | | | | | ?????????????????????????????????????????????????? | | ?????????????????????????????????????????????????? | | ????????????????????????????????????????????###### | | ???????????????????###????????????????????## | | ??????????????????## #??????????????????## | | ??????????????????# #?????????????????# | | ??????????????????# #??######???##??## | | ??????????????????? ## # #?? ?? | | ???????????????????? ## ???? | | ????????????????????? $ ?????## | | ?????????????????????# ???????# | | ????????????????????## ?????????# | | ????????????????????# ##??????????# | | ????????????????????# #???????????# " | | ????????????????????# @ #???????????# # | | ????????????????????# #??????????## # | | ????????????????????# #?????????## % % | | ????????????????????## #####?????# | | ?????????????????????# r #?????# % | | ?????????????????????## #?????## # | | ??????????????????????# ### #??????### ## | | ?????????????????????# ##?# #####????# ##? | | ?????????????????????# d""" ###??#!# # #????# #?? | | ?????????????????????# """d#???##%# #*######=%#?? | | ?????????????????????# """r#???## % %*|%=!= #?? | | ?????????????????????## ???#### ########?? | | ??????????????????????##! ???# # #????????? | | ???????????????????????##% ##???# # #####????????? | | ????????????????????????# ?????####?????????????? | | ????????????????????????? ??????????????????????? | | ????????????????????????? ??????????????????????? | | ????????????????????????? %??????????????????????? | | ?????????????????????????% ??????????????????????? | | ?????????????????????????????????????????????????? | | ?????????????????????????????????????????????????? | | ?????????????????????????????????????????????????? | | ?????????????????????????????????????????????????? | | ?????????????????????????????????????????????????? | | ?????????????????????????????????????????????????? | +----------------------------------------------------+ Best States ------------- Heat Dissipation 38 Energy Generation 15 Energy Capacity 265 Matter Stores 300 Matter Capacity 300 Sight Range 16 Terrain Scan Density 10 Armor Coverage 300 Resistance: KI 20 Utility Shielding 33 Weapon Shielding 33 Evasion (%) 55 Recoil Reduction 2 Trap Extractor Capacity 6 Item Schematics ----------------- None Robot Schematics ------------------ None Fabricated ------------ Nothing Repaired ---------- Aluminum Leg | 23% | -10/Materials Reactive Plating | 28% | -9/Materials Studied --------- Hvy. Hammer | -9/Materials | Hacked Flight Unit | -9/Materials | Hacked Lgt. Ion Engine | -9/Materials | Hacked Imp. Treads | -9/Materials | Hacked Lgt. Nuclear Core | -9/Materials | Hacked Alien Tech Used ----------------- None Achievements -------------- Ew, Corruption Challenges ------------ None Game ------ Seed SuperquantumBoreShell Manual? 0 Play Time 00:32:38 Cumulative 12.4 hours Start 2025.12.29 @ 13:36:39 End 2025.12.29 @ 14:15:15 Sessions 1 Manual Loads 0 Difficulty Rogue Special Mode None Game No. 16 Rogue 16 Adventurer 0 Explorer 0 Win Type - Total 0 Types 0/0/0/0/0/0/0/0/0/0 Lore% 22 Gallery% 14 Achievement% 12 Wizard Run 0 Options --------- Layout 1 ASCII 0 Keyboard 0 Movement Mouse Keybinds 0 Fullscreen 1 Font 24/Smallcaps Map View 50x35 Zoom Use 0% Tactical HUD 0 Map Filters NONE Filters NONE Steam 1 RUN: deb8568d-61bf-44ff-9b74-22e1b1e58067